 Dungeon Crawl Stone Soup version 0.21.1-1-g345015f (webtiles) character file.

72 inc the Ducker (level 4, 0/28 HPs)
             Began as an Octopode Transmuter on June 11, 2018.
             Slain by a kobold (2 damage)
             ... on level 3 of the Dungeon.
             The game lasted 00:02:09 (1867 turns).

inc the Ducker (Octopode Transmuter)                Turns: 1867, Time: 00:02:09

Health: 0/28       AC:  1    Str:  9    XL:     4   Next: 25%
Magic:  7/7        EV: 15    Int: 16    God:
Gold:   95         SH:  0    Dex: 12    Spells: 6/7 levels left

rFire    . . .     SeeInvis .     - Unarmed
rCold    . . .     Gourm    .   (no shield)
rNeg     . . .     Faith    .   (helmet restricted)
rPois    .         Spirit   .   (no amulet)
rElec    .         Reflect  .   (no ring)
rCorr    .         Harm     .   (no ring)
MR       .....                  (no ring)
Stlth    ++........             (no ring)
HPRegen  0.09/turn              (no ring)
MPRegen  0.10/turn              (no ring)
                                (no ring)
                                (no ring)

@: no status effects
A: almost no armour, stealthy swim, amphibious, 8 rings, constrict 8, camouflage
1, gelatinous body 1
a: no special abilities


You were on level 3 of the Dungeon.
You were not hungry.

You visited 1 branch of the dungeon, and saw 3 of its levels.

You collected 95 gold pieces.

Inventory:

Missiles
 a - 54 arrows
Jewellery
 i - an uncursed ring of magical power {unknown}
Scrolls
 d - 6 scrolls of identify {unknown}
 e - 2 scrolls of teleportation {unknown}
 h - a scroll of immolation {unknown}
Potions
 f - a potion of mutation {unknown}
 g - 2 potions of magic {unknown}
Books
 b - a book of Changes

   Spells                             Type                      Level
   a - Beastly Appendage              Transmutation                1
   b - Sticks to Snakes               Transmutation                2
   c - Spider Form                    Transmutation/Poison         3
   d - Ice Form                       Ice/Transmutation            4
   e - Blade Hands                    Transmutation                5
Comestibles
 c - 4 rations


   Skills:
 - Level 1.0 Fighting
 + Level 4.4 Dodging
 - Level 3.0 Unarmed Combat
 - Level 2.0 Spellcasting
 - Level 2.0 Transmutations


You had 6 spell levels left.
You knew the following spells:

 Your Spells              Type           Power        Failure   Level  Hunger
a - Beastly Appendage     Tmut           #.....       9%          1    #......


Dungeon Overview and Level Annotations

Branches:
Dungeon (3/15)

Altars:


Innate Abilities, Weirdness & Mutations

You cannot wear most types of armour.
You are very stealthy in the water. (Stealth+)
You are amphibious.
You can wear up to eight rings at the same time.
You can use your tentacles to constrict eight enemies at once.
Your skin changes colour to match your surroundings (Stealth+).
Your rubbery body absorbs attacks. (AC +1, EV +1)


Message History

* * * LOW HITPOINT WARNING * * *
You miss the leopard gecko. Your grab misses the leopard gecko.
The leopard gecko is severely wounded.
The kobold hits you.
* * * LOW HITPOINT WARNING * * *
The leopard gecko barely misses you. x2
Unknown command.
You closely miss the leopard gecko. Your grab misses the leopard gecko.
You kill the leopard gecko!
The kobold closely misses you. The leopard gecko closely misses you.
Unknown command.
You tentacle-slap the leopard gecko but do no damage.
Your grab misses the leopard gecko. Your squeeze misses the leopard gecko.
The leopard gecko is severely wounded.
The kobold misses you. The leopard gecko misses you.
Unknown command.
You tentacle-slap the kobold. Your grab misses the kobold.
The kobold is heavily wounded.
The kobold hits you.
You die...

.. ####.#......## ..
####.....#### #.
##.....#...#
....###.###......##.#.####
......#?.(.. #.## #)#.....
..()#......###.####.####..
.....##...(.#.†...........
....(..#......####.#.##.#
#....)@(....# #.#.##.#
...###..(lK.#..####.#.##.#
.......(..................
.......(..................
≈≈≈.......≈≈...≈≈≈≈.≈≈≈≈≈≈
≈≈≈≈≈......≈≈≈≈≈≈≈≈≈≈≈≈≈≈≈
≈≈≈≈≈≈....≈≈≈≈≈≈≈≈≈≈≈≈≈≈≈≈
≈≈≈≈≈≈....≈≈≈≈≈≈≈≈≈≈≈≈≈≈≈≈
#######++#################


You could see a leopard gecko and a kobold.

Vanquished Creatures
  2 adders (D:2)
  A dart slug (D:2)
  A leopard gecko (D:3)
  An orc (D:3)
  A giant cockroach (D:2)
  4 goblins
  8 hobgoblins
  6 jackals
  8 bats
  9 kobolds
  6 rats
47 creatures vanquished.

Notes
Turn   | Place    | Note
-------+----------+-------------------------------------------
     0 | D:1      | inc the Octopode Transmuter began the quest for the Orb.
     0 | D:1      | Reached XP level 1. HP: 13/13 MP: 3/3
   136 | D:1      | Reached XP level 2. HP: 15/18 MP: 5/5
   328 | D:1      | Reached skill level 3 in Dodging
   432 | D:2      | Reached XP level 3. HP: 12/23 MP: 6/6
  1102 | D:2      | Reached skill level 4 in Dodging
  1427 | D:2      | Reached XP level 4. HP: 16/28 MP: 7/7
  1867 | D:3      | Slain by a kobold

Skill      XL: |  1  2  3 |
---------------+----------+-----
Dodging        | 3 4 |  4.4
Fighting       | |  1.0
Unarmed Combat | |  3.0
Spellcasting   | |  2.0
Transmutations | |  2.0

Action                   |  1- 3 |  4- 6 || total
-------------------------+-------+-------++-------
Melee: Unarmed           |    84 |    31 ||   115
       Constrict         |    24 |     9 ||    33
       Tentacles         |    18 |     6 ||    24
       Punch             |     2 |       ||     2
 Stab: Sleeping          |     2 |     2 ||     4
  Eat: Chunk             |     1 |     2 ||     3
Armor: Skin              |     8 |     2 ||    10
Dodge: Dodged            |    52 |    37 ||    89
